 Dungeon Sprint DCSS version 0.20.1-1-g8b1a95d (webtiles) character file.

18 JustSomeDude the Ducker (level 2, -5/23 HPs)
             Began as a Demonspawn Gladiator on Aug 30, 2017.
             Was a High Priest of Jiyva.
             Slain by a bullfrog (6 damage)
             ... in the Dungeon (Sprint VII: "The Pits").
             The game lasted 00:01:16 (119 turns).

JustSomeDude the Ducker (Demonspawn Gladiator)       Turns: 119, Time: 00:01:17

Health: -5/23      AC: 10    Str: 14    XL:     2   Next: 48%
Magic:  2/2        EV: 13    Int:  9    God:    Jiyva [*****.]
Gold:   0          SH:  0    Dex: 14    Spells: 1/1 levels left

rFire    . . .     SeeInvis .   l - +2 trident
rCold    . . .     Gourm    .   (no shield)
rNeg     . . .     Faith    .   b - +0 leather armour
rPois    .         Spirit   .   c - +0 helmet
rElec    .         Reflect  .   (no cloak)
rCorr    +         Harm     .   (no gloves)
MR       .....     NoTele   +   (no boots)
Stlth    +.........             (no amulet)
Regen    0.1/turn               (no ring)
MPRegen  0.1/turn               (no ring)

@: sanguine armour, hasted, very quick
A: mutation resistance 1, eyeballs 1, jelly sensing items, sanguine armour 1
a: Request Jelly, Slimify, Cure Bad Mutation, Renounce Religion


You were in the Dungeon.
You worshipped Jiyva.
Jiyva was extremely pleased with you.
You were not hungry.

You visited 1 branch

Inventory:

Hand Weapons
 l - a +2 trident (weapon)
Missiles
 d - 3 throwing nets (quivered)
Armour
 b - a +0 leather armour (worn)
 c - a +0 helmet (worn)
Scrolls
 k - a scroll of blinking
 n - 3 scrolls of remove curse
 o - 5 scrolls of amnesia
 p - a scroll of summoning
Potions
 e - a potion of curing
 i - 4 potions of magic
 j - 3 potions of berserk rage
 m - 2 potions of invisibility
Comestibles
 f - 8 bread rations
 q - 40 fruits
 r - 7 meat rations


   Skills:
 + Level 2.6 Fighting
 + Level 3.8 Polearms
 + Level 2.5 Throwing
 + Level 0.3 Armour
 + Level 3.8 Dodging


You had one spell level left.
You didn't know any spells.

Dungeon Overview and Level Annotations

Branches:
Dungeon (1/1)

Altars:
Ashenzari
Cheibriados
Dithmenos
Elyvilon
Fedhas
Gozag
Hepliaklqana
Kikubaaqudgha
Makhleb
Nemelex Xobeh
Okawaru
Qazlal
Ru
Sif Muna
Trog
Uskayaw
Vehumet
Xom
Yredelemnul
Zin
The Shining One
Beogh
Jiyva
Lugonu


Innate Abilities, Weirdness & Mutations

When seriously injured, your bleeding wounds create armour. (AC +6)
You are somewhat resistant to further mutation.
Your body has grown golden eyes which may confuse attackers. (Acc +3)
You have a small jelly attached to you that senses nearby items.


Message History

The bat skeleton closely misses the bullfrog.
You closely miss the bullfrog.
The bullfrog is moderately wounded.
Your blood armour dries and flakes away.
The bat skeleton hits the bullfrog.
The bat skeleton barely misses the ufetubus.
The bullfrog hits you.
Your blood congeals into armour.
You puncture the bullfrog!
The bullfrog is severely wounded.
The bullfrog hits you!
* * * LOW HITPOINT WARNING * * *
The bullfrog misses you.
The bat skeleton hits the bullfrog.
You feel yourself speed up.
The bat skeleton misses the bullfrog.
The bullfrog barely misses you.
The bat skeleton hits the bullfrog.
The bullfrog hits you.
* * * LOW HITPOINT WARNING * * *
You hit the bullfrog.
The bullfrog is almost dead.
The bat skeleton misses the bullfrog.
The bullfrog hits you.
You die...

__.____...###########++
##########'##...........
#.?(.')))'.##......#..#.
##########.##...........
#...........'...........
+#####'#####......#..#.
#..#..†'.##...........
#..#...#.#####'#####++
#..#####@##.......#
#..'...#F##.......#
#..'.S.5Z##.......#
#..########...<...# #..
∆∆∆∆∆ #.......# #..
∆∆∆∆∆ #.......# ###
#.......# #########


You could see a bullfrog, an ufetubus and a bat skeleton (confused).

Vanquished Creatures
  A river rat (D)
  An ufetubus (D)
  An adder zombie (D)
3 creatures vanquished.

Vanquished Creatures (others)
  A frilled lizard (D)
1 creature vanquished.

Grand Total: 4 creatures vanquished

Notes
Turn   | Place    | Note
-------+----------+-------------------------------------------
     0 | D        | JustSomeDude the Demonspawn Gladiator began the quest for the Orb.
     0 | D        | Reached XP level 1. HP: 16/16 MP: 1/1
    18 | D        | Found a bloodstained altar of Trog.
    18 | D        | Found a deep blue altar of Sif Muna.
    18 | D        | Found a viscous altar of Jiyva.
    18 | D        | Found a hazy altar of Hepliaklqana.
    18 | D        | Found an opulent altar of Gozag.
    19 | D        | Found a glowing golden altar of the Shining One.
    19 | D        | Found a glowing silver altar of Zin.
    19 | D        | Found a basalt altar of Yredelemnul.
    19 | D        | Found a shimmering altar of Xom.
    19 | D        | Found a sacrificial altar of Ru.
    19 | D        | Found a stormy altar of Qazlal.
    19 | D        | Found an iron altar of Okawaru.
    19 | D        | Found a sparkling altar of Nemelex Xobeh.
    19 | D        | Found a burning altar of Makhleb.
    19 | D        | Found a blossoming altar of Fedhas.
    19 | D        | Found a white marble altar of Elyvilon.
    19 | D        | Found a shadowy altar of Dithmenos.
    19 | D        | Found a snail-covered altar of Cheibriados.
    21 | D        | Found a corrupted altar of Lugonu.
    21 | D        | Found a radiant altar of Vehumet.
    21 | D        | Found a roughly hewn altar of Beogh.
    22 | D        | Found a shattered altar of Ashenzari.
    22 | D        | Found an ancient bone altar of Kikubaaqudgha.
    22 | D        | Found a hide-covered altar of Uskayaw.
    24 | D        | Became a worshipper of Jiyva Jaocyoro the Shapeless
    57 | D        | Gained mutation: When seriously injured, your bleeding wounds create armour. (AC +6) [demonic ancestry]
    57 | D        | Reached XP level 2. HP: 22/23 MP: 2/2
    63 | D        | Reached * piety under Jiyva
    91 | D        | Reached ** piety under Jiyva
    92 | D        | Reached *** piety under Jiyva
    92 | D        | Gained mutation: You are somewhat resistant to further mutation. [Jiyva's grace]
    92 | D        | Reached **** piety under Jiyva
   100 | D        | Gained mutation: You have a small jelly attached to you that senses nearby items. [Jiyva's grace]
   100 | D        | Reached ***** piety under Jiyva
   100 | D        | Gained mutation: Your body has grown golden eyes which may confuse attackers. (Acc +3) [Jiyva's grace]
   103 | D        | Noticed a bullfrog
   118 | D        | HP: 1/23 [bullfrog (5)]
   119 | D        | Slain by a bullfrog

Skill      XL: |  1 |
---------------+----+-----
Polearms       | 3 |  3.8
Dodging        | 3 |  3.8
Throwing       | 2 |  2.5
Fighting       | |  2.6
Armour         | |  0.3

Action                   || total
-------------------------++-------
Melee: Trident           ||    19
  Use: Potion            ||     2
Armor: Leather armour    ||     5
Dodge: Dodged            ||    34
